 Dungeon Crawl Stone Soup version 0.25.0-1-g7eea58d2a3 (webtiles) character file.

Game seed: 1810679606402162340

4437 HungrySpirit the Transmogrifier (level 10, 0/72 HPs)
             Began as a Kobold Transmuter on June 14, 2020.
             Was a Follower of Cheibriados.
             Slain by a porcupine (9 damage)
             ... on level 8 of the Dungeon.
             The game lasted 00:27:28 (13143 turns).

HungrySpirit the Transmogrifier (KoTm)             Turns: 13143, Time: 00:27:29

Health: 0/72       AC:  6    Str: 11    XL:     10   Next: 63%
Magic:  8/17       EV: 16    Int: 18    God:    Cheibriados [*.....]
Gold:   332        SH:  0    Dex: 18    Spells: 9/19 levels left

rFire    x . .     SeeInvis .     - Unarmed
rCold    + + +     Gourm    .   (shield currently unavailable)
rNeg     + . .     Faith    .   (armour currently unavailable)
rPois    +         Spirit   .   (helmet currently unavailable)
rElec    .         Reflect  .   (cloak currently unavailable)
rCorr    .         Harm     .   (gloves currently unavailable)
MR       .....                  (boots currently unavailable)
Stlth    ++........             (no amulet)
HPRegen  0.22/turn              y - +4 ring of evasion
MPRegen  0.15/turn              x - ring of positive energy

@: ice-form, very slow
A: large, carnivore
a: End Transformation, Bend Time, Renounce Religion


You were on level 8 of the Dungeon.
You worshipped Cheibriados.
Cheibriados was aware of your devotion.
You were completely stuffed.
You were a creature of crystalline ice.
You visited 2 branches of the dungeon, and saw 9 of its levels.

You collected 332 gold pieces.

Inventory:

Hand Weapons
 t - a +3 dagger of venom (melded)
Missiles
 a - 44 arrows
 c - a throwing net (quivered)
Armour
 i - a +0 scale mail
 j - a +0 pair of boots (melded)
 m - a +0 robe (melded)
 n - a +0 cloak (melded)
 r - a +0 leather armour
 F - a +1 pair of gloves (melded)
Jewellery
 b - an uncursed ring of see invisible
 x - a ring of positive energy (right front paw)
 y - a +4 ring of evasion (left front paw)
Wands
 D - a wand of polymorph (9)
Scrolls
 e - 2 scrolls of identify
 k - 3 scrolls of remove curse {unknown}
 l - 2 scrolls of fear {unknown}
 o - 3 scrolls of enchant armour
 q - 2 scrolls of fog {unknown}
 s - a scroll of magic mapping
 v - 2 scrolls of teleportation
Potions
 g - 5 potions of curing
 h - 3 potions of stabbing
 p - a potion of might
 u - a potion of brilliance
 w - 2 potions of mutation
 z - a potion of flight
 C - a potion of ambrosia
Comestibles
 d - 19 rations
 f - a chunk of flesh


   Skills:
 + Level 5.9 Fighting
 - Level 5.0 Short Blades
 - Level 0.3 Armour
 - Level 4.0 Dodging
 + Level 7.0 Unarmed Combat
 - Level 5.0 Spellcasting
 * Level 10.1 Transmutations
 + Level 2.5 Ice Magic


You had 9 spell levels left.
You knew the following spells:

 Your Spells              Type           Power        Failure   Level  Hunger
a - Beastly Appendage     Tmut           #####.       1%          1    None
b - Sticks to Snakes      Tmut           #####...     1%          2    #......
c - Spider Form           Tmut/Pois      ###.......   4%          3    ##.....
d - Ice Form              Ice/Tmut       ####....     10%         4    ####...

Your spell library contained the following spells:

 Spells                   Type           Power        Failure   Level  Hunger
 Passwall                 Tmut/Erth      ###.....     2%          2    #......
 Blade Hands              Tmut           #####.....   6%          5    ######.
 Sandblast                Erth           #.....       13%         1    None
 Petrify                  Tmut/Erth      ###.....     17%         4    ####...
 Stone Arrow              Conj/Erth      #.....       36%         3    ##.....
 Lee's Rapid Deconstruct  Erth           #.........   98%         5    ######.


Dungeon Overview and Level Annotations

Branches:
Dungeon (8/15)             Temple (1/1) D:7            Lair (0/6) D:8

Altars:
Ashenzari
Cheibriados
Dithmenos
Fedhas
Gozag
Makhleb
Nemelex Xobeh
Okawaru
Qazlal
Ru
Sif Muna
Trog
Wu Jian
Xom
Zin
The Shining One
Beogh

Annotations:
D:3 1 runed translucent door, Nattefrost's ghost, weakling GnWn
D:4 Dowan; Duvessa
D:6 3 runed translucent doors, Patate's ghost, novice GrBe


Innate Abilities, Weirdness & Mutations

You are small and have problems with some larger weapons.
You are carnivorous and can eat meat at any time.


Message History

The porcupine bites you!
The centaur shoots an arrow.
The arrow hits your adder!
Your adder dies!
The porcupine barely misses you.
The centaur shoots an arrow.
The arrow hits you.
You see here 2 arrows.
Unknown command.
You are struck by the porcupine's spines.
You punch the porcupine! You freeze the porcupine.
The porcupine is almost dead.
The centaur shoots an arrow.
The arrow hits you!
* * * LOW HITPOINT WARNING * * *
The porcupine barely misses you.
Unknown command.
As you read the scroll of magic mapping, it crumbles to dust.
You feel aware of your surroundings.
The centaur shoots an arrow.
The arrow hits you!
* * * LOW HITPOINT WARNING * * *
The porcupine bites you!
You die...

,,,,,,,* *,,* #..#### ,,>,,,,**
#..** #....). ,,,,,,,,**#..,*
#####.# ,,,,,,,,,*#...* #..#
,,,,,,,,,*#...#* ##.#.
,,,,,,,,,,#....#* #..#.
,,,,,,,,,*#.....## ##.#..
,,,,,,,,,##......## #.....
,,,,,,,**#.....rY(### ##.....
,,,,,,,,*#.....(....## ##......
,,,,***,,....c.P.P...## #.......
,,,** ***....t........####.......
,*** ****....PP.PP.P.P..#........
** ***,,,..PPP.P...P.............
,***,,,,,..PP...P.PPPP...........
,,,,,,,,,.PP..PP.PPPP.P...P......
,,,,,,,,,,,..P.PP..P.PP..PP......


You could see a crocodile, a centaur and a porcupine.

Vanquished Creatures
  Harold (D:7)
  Pikel (D:3)
  A hippogriff (D:8)
  A yak (D:8)
  Eustachio (D:4)
  A porcupine (D:8)
  4 black bears
  An ice beast (D:7)
  A sky beast (D:7)
  A slave (D:3)
  3 phantoms
  An ogre (D:5)
  2 centaurs
  A big kobold (D:8)
  2 bullfrogs
  3 scorpions
  13 killer bees
  2 crimson imps
  A centaur zombie (D:5)
  A bullfrog zombie (D:5)
  A hound (D:4)
  4 orc priests
  2 jellies
  An iguana (D:6)
  2 orc wizards
  2 worker ants
  2 hound skeletons
  9 adders
  3 shadow imps (D:7)
  A white imp (D:8)
  2 oozes
  An adder zombie (D:7)
  3 adder skeletons
  3 worms
  2 dart slugs
  3 leopard geckos
  18 orcs
  2 ball pythons
  6 giant cockroaches
  6 goblins
  2 hobgoblins
  18 jackals
  2 quokkas
  5 bats
  6 frilled lizards
  A jackal zombie (D:7)
  16 kobolds
  A leopard gecko zombie (D:5)
  8 rats
174 creatures vanquished.

Vanquished Creatures (collateral kills)
  A porcupine (D:8)
  A killer bee (D:4)
  An orc wizard (D:2)
  A worm (D:2)
  3 orcs
  A goblin (D:3)
8 creatures vanquished.

Vanquished Creatures (others)
  A slave (D:4)
  A giant cockroach (D:4)
  20 fungi (D:8)
  3 plants (D:8)
25 creatures vanquished.

Grand Total: 207 creatures vanquished

Notes
Turn   | Place    | Note
-------+----------+-------------------------------------------
     0 | D:1      | HungrySpirit the Kobold Transmuter began the quest for the
                  | Orb.
     0 | D:1      | Reached XP level 1. HP: 12/12 MP: 3/3
   434 | D:1      | Reached XP level 2. HP: 16/16 MP: 3/5
   929 | D:1      | Reached skill level 1 in Short Blades
   929 | D:1      | Reached XP level 3. HP: 7/21 MP: 4/6
  1808 | D:1      | Learned a level 2 spell: Sticks to Snakes
  2200 | D:2      | Reached XP level 4. HP: 20/26 MP: 5/7
  3818 | D:3      | Reached XP level 5. HP: 24/31 MP: 8/8
  3906 | D:3      | Noticed Nattefrost's ghost (weakling GnWn)
  3909 | D:3      | Found a runed translucent door.
  4329 | D:2      | Learned a level 3 spell: Spider Form
  5701 | D:4      | Noticed a slave
  5703 | D:4      | Noticed Pikel
  5703 | D:4      | Noticed a slave
  5703 | D:4      | Noticed a slave
  5780 | D:3      | Killed a slave
  5942 | D:4      | Noticed Dowan
  5942 | D:4      | Noticed Duvessa
  5964 | D:3      | Reached skill level 3 in Transmutations
  5964 | D:3      | Reached XP level 6. HP: 15/36 MP: 4/9
  6285 | D:4      | Noticed a slave
  6301 | D:3      | Paralysed by Pikel for 3 turns
  6323 | D:3      | Killed Pikel
  6323 | D:3      | Reached skill level 4 in Transmutations
  6323 | D:3      | Reached XP level 7. HP: 26/43 MP: 9/12
  6329 | D:3      | Learned a level 4 spell: Ice Form
  6477 | D:4      | Found a shimmering blue altar of Sif Muna.
  6545 | D:4      | Reached XP level 8. HP: 43/48 MP: 13/13
  6774 | D:4      | Reached skill level 5 in Transmutations
  7027 | D:4      | Noticed Eustachio
  7086 | D:4      | Killed Eustachio
  7406 | D:4      | Reached skill level 5 in Short Blades
  7648 | D:4      | Reached skill level 6 in Transmutations
  7806 | D:5      | Entered Level 5 of the Dungeon
  8454 | D:5      | Reached XP level 9. HP: 52/52 MP: 15/15
  8531 | D:5      | Reached skill level 7 in Transmutations
  8635 | D:5      | Reached skill level 5 in Unarmed Combat
 10071 | D:6      | Found a runed translucent gate.
 10071 | D:6      | Identified the +9 battleaxe of Foul Odors {protect, rF-
                  | Str+3}
 10071 | D:6      | Noticed Patate's ghost (novice GrBe)
 10072 | D:6      | Found a runed translucent gate.
 10073 | D:6      | Found a runed translucent gate.
 10087 | D:6      | Found a roughly hewn altar of Beogh.
 10297 | D:7      | Noticed Harold
 10357 | D:7      | Killed Harold
 10357 | D:7      | Reached skill level 5 in Fighting
 10357 | D:7      | Reached skill level 5 in Spellcasting
 10357 | D:7      | Reached skill level 8 in Transmutations
 10815 | D:7      | Reached XP level 10. HP: 55/59 MP: 17/17
 10866 | D:7      | Reached skill level 9 in Transmutations
 11100 | D:7      | Found a staircase to the Ecumenical Temple.
 11137 | Temple   | Entered the Ecumenical Temple
 11162 | Temple   | Became a worshipper of Cheibriados the Contemplative
 11349 | D:7      | Reached skill level 1 in Ice Magic
 12759 | D:8      | Reached * piety under Cheibriados
 12867 | D:8      | Reached skill level 10 in Transmutations
 13128 | D:8      | Found a staircase to the Lair.
 13143 | D:8      | Slain by a porcupine

Illustrated notes

Levels and vault maps discovered:
D:1:      ncdulo_halloftheorcs, layout_loops_ring
D:2:      layout_basic, first_ration, minmay_tetromino_l4
D:3:      layout_basic, hellmonk_ghost_happy_afterlife
D:4:      layout_rooms, led_sif_pool, uniq_pikel, uniq_duvessa, uniq_eustachio
D:5:      layout_basic
D:6:      layout_basic, biasface_ghost_orc_armoury
D:7:      layout_basic, temple_fountains, serial_corexii_hall,
          chequers_hall_statues_corner_a, corexii_hall_statues_s, uniq_harold
D:8:      layout_cave_pods, due_lair_maze_entry_diamond, minmay_fire_ice_demons
Temple:   nicolae_temple_the_god_donut

Skill      XL: |  1  2  3  4  5  6  7  8  9 10 |
---------------+-------------------------------+-----
Short Blades   | 1 2 3 4 5 |  5.0
Dodging        | 3 4 |  4.0
Fighting       | 2 4 5 |  5.9
Transmutations | 3 4 6 8 10 | 10.1
Spellcasting   | 3 4 5 |  5.0
Unarmed Combat | 4 6 7 |  7.0
Ice Magic      | 2 |  2.5
Armour         | |  0.3

Action                   |  1- 3 |  4- 6 |  7- 9 | 10-12 || total
-------------------------+-------+-------+-------+-------++-------
Melee: Unarmed           |    55 |       |       |    33 ||    88
       Headbutt          |     7 |    24 |    30 |     9 ||    70
       Punch             |     3 |     5 |     8 |     6 ||    22
       Kick              |     1 |       |       |       ||     1
       Dagger            |   158 |   281 |   369 |   180 ||   988
 Cast: Beastly Appendage |     7 |    16 |    18 |     5 ||    46
       Sticks to Snakes  |       |    10 |    12 |     9 ||    31
       Ice Form          |       |       |       |     5 ||     5
Evoke: Wand              |       |       |     1 |       ||     1
  Use: Potion            |       |     1 |     3 |     2 ||     6
       Scroll            |       |       |    12 |     4 ||    16
 Stab: Sleeping          |     1 |     3 |     1 |       ||     5
  Eat: Chunk             |     4 |    18 |    18 |     9 ||    49
       Ration            |       |     1 |       |       ||     1
Armor: Robe              |    11 |    47 |    35 |    19 ||   112
       Scale mail        |    42 |       |       |       ||    42
       Skin              |       |       |    12 |     3 ||    15
Dodge: Dodged            |   190 |   207 |   235 |   191 ||   823
